 Dungeon Crawl Stone Soup version 0.20-a0-1015-g2ec8a95 (webtiles) character file.

23548 erloom the Fighter (level 12, -2/118 HPs)
             Began as a Minotaur Fighter on Apr 14, 2017.
             Was a High Priest of Okawaru.
             Succumbed to an orc wizard's poison
             ... on level 10 of the Dungeon on Apr 15, 2017.
             The game lasted 00:42:54 (17419 turns).

erloom the Fighter (Minotaur Fighter)              Turns: 17419, Time: 00:42:55

Health: -2/118     AC: 16    Str: 23    XL:     12   Next: 72%
Magic:  14/14      EV:  3    Int:  8    God:    Okawaru [*****.]
Gold:   953        SH:  8    Dex: 13    Spells: 11/11 levels left

rFire    . . .     SeeInvis .   v - +1 war axe (chop)
rCold    + . .     Gourm    .   c - +0 shield
rNeg     . . .     Faith    .   a - +1 plate armour "Zulolir" {rC+}
rPois    .         Spirit   .   (helmet restricted)
rElec    .         Reflect  .   p - +0 cloak
rCorr    .         Harm     .   j - +0 pair of gloves {Dex+3}
MR       +....                  (no boots)
Stlth    ..........             (no amulet)
Regen    0.3/turn               W - ring of protection from magic
MPRegen  0.2/turn               U - +3 ring of protection

@: lethally poisoned (-2 -> -40), extremely drained
A: retaliatory headbutt, horns 2
a: Heroism, Finesse, Renounce Religion


You were on level 10 of the Dungeon.
You worshipped Okawaru.
Okawaru was extremely pleased with you.
You were very hungry.

You visited 2 branches of the dungeon, and saw 16 of its levels.

You collected 953 gold pieces.

Inventory:

Hand Weapons
 r - a +0 mace of protection
 v - a +1 war axe of chopping (weapon)
Armour
 a - the +1 plate armour "Zulolir" (worn) {rC+}
   (Okawaru gifted it to you on level 2 of the Lair of Beasts)

   It protects you from cold.
 c - a +0 shield (worn)
 j - a +0 pair of gloves of dexterity (worn)
 p - a +0 cloak (worn)
 J - a +2 pair of gloves
Magical Staves
 z - an uncursed staff of summoning {unknown}
Jewellery
 g - an uncursed ring of stealth
 i - an uncursed ring of protection from cold
 n - an uncursed ring of magical power
 w - an uncursed ring of protection from cold
 C - an uncursed ring of positive energy
 F - an uncursed ring of see invisible
 U - a +3 ring of protection (right hand)
 W - a ring of protection from magic (left hand)
 Y - an uncursed ring of ice
Wands
 G - a wand of iceblast (9/15)
 K - a wand of lightning (5/15)
 O - a wand of paralysis (14/24)
 P - a wand of digging (6/24)
Scrolls
 b - 3 scrolls of fear
 e - a scroll of recharging
 k - 4 scrolls of identify
 l - 13 scrolls of teleportation
 x - 4 scrolls of remove curse
 y - 2 scrolls of magic mapping
 L - 2 scrolls of amnesia
Potions
 d - 3 potions of might
 h - 2 potions of cancellation
 o - a potion of brilliance
 q - 3 potions of lignification
 A - 2 potions of mutation
 B - a potion of ambrosia
 E - 2 potions of resistance
 H - 4 potions of curing
 M - 2 potions of flight
 N - 2 potions of haste
 S - a potion of berserk rage
 T - a potion of heal wounds
Books
 I - a book of Air

   Spells                             Type                      Level
   a - Shock                          Conjuration/Air              1
   b - Swiftness                      Charms/Air                   2
   c - Static Discharge               Conjuration/Air              3
   d - Airstrike                      Air                          4
   e - Lightning Bolt                 Conjuration/Air              5
 Q - a book of Maledictions

   Spells                             Type                      Level
   a - Corona                         Hexes                        1
   b - Ensorcelled Hibernation        Hexes/Ice                    2
   c - Confuse                        Hexes                        3
   d - Tukima's Dance                 Hexes                        3
   e - Dazzling Spray                 Conjuration/Hexes            3
 X - a book of Clouds

   Spells                             Type                      Level
   a - Poisonous Vapours              Poison/Air                   2
   b - Mephitic Cloud                 Conjuration/Poison/Air       3
   c - Conjure Flame                  Conjuration/Fire             3
   d - Freezing Cloud                 Conjuration/Ice/Air          6
   e - Ring of Flames                 Charms/Fire                  7
Miscellaneous
 R - a fan of gales
Comestibles
 f - 8 bread rations
 m - 4 royal jellies
 u - 8 meat rations
 D - 7 fruits


   Skills:
 + Level 14.4(0.0) Fighting
 + Level 14.4(0.0) Axes
 + Level 10.3(0.0) Armour
 + Level 10.4(0.0) Shields
 + Level 5.1(0.0) Evocations


You had 11 spell levels left.
You didn't know any spells.

Dungeon Overview and Level Annotations

Branches:
Dungeon (11/15)            Temple (0/1) D:6            Lair (5/6) D:8
  Swamp (0/4) Lair:3        Snake (0/4) Lair:2          Orc (0/2) D:9
  Slime: Lair:5-6

Altars:
Cheibriados
Elyvilon
Gozag
Hepliaklqana
Kikubaaqudgha
Makhleb
Nemelex Xobeh
Okawaru
Sif Muna
Trog
Uskayaw
Wu Jian
Xom

Shops:
D:5 *

Annotations:
Lair:4 Sonja


Innate Abilities, Weirdness & Mutations

You reflexively headbutt those who attack you in melee.
You have a pair of horns on your head.


Message History

Reactivating autopickup.
You feel a bit more experienced.
* * * LOW HITPOINT WARNING * * *
You feel extremely sick.
* * * LOW HITPOINT WARNING * * *
You feel very sick.
There is a stone staircase leading down here.
Things that are here:
a dagger of venom; a robe; an orc corpse
* * * LOW HITPOINT WARNING * * *
You feel very sick.
* * * LOW HITPOINT WARNING * * *
You feel very sick.
* * * LOW HITPOINT WARNING * * *
You feel very sick.
Unknown command.
Unknown command.
* * * LOW HITPOINT WARNING * * *
You feel very sick.
You die...

##.####.#.#####.###### #.#
#.#.......#
#######.####.#.#######
.............#.# .....######.##.#
########### .....## #.##.#
#.........# ......### #.##.#
######.#######.# .......(#
#.##.###..........# #.#
......#.###.##.#@..>.##.###.###.#
............#...>###.##........>#
.....##......<...# #.######.#####
.....########....###.# #.# #.##.#
##.#.....# #รท# #.##.# #.#######
#)# #.##.# #.# #.# #.##.# ##'##
#.# #.##.# ##...## #.#


There were no monsters in sight!

Vanquished Creatures
  2 hydras
  An anaconda (Lair:2)
  A swamp dragon (Lair:3)
  A centaur zombie (D:10)
  8 spiny frogs
  A rime drake (Lair:4)
  4 komodo dragons
  2 polar bears
  A troll (D:10)
  4 blink frogs (Lair:2)
  6 hippogriffs
  2 wyverns
  36 yaks
  2 basilisks
  2 hungry ghosts
  6 water moccasins
  4 nagas (Lair:2)
  9 porcupines
  2 sky beasts
  3 ice beasts
  A black bear (D:8)
  An orc warrior (D:7)
  A necrophage (D:9)
  3 phantoms
  6 ogres
  An eye of draining (D:4)
  7 centaurs
  7 crocodiles
  10 wolves
  3 big kobolds
  15 bullfrogs
  3 scorpions
  2 troll zombies (D:9)
  3 wights (D:8)
  4 electric eels
  5 howler monkeys
  4 crimson imps
  2 quasits
  2 bullfrog skeletons
  A bullfrog zombie (D:8)
  A hound (D:10)
  2 jellies
  7 orc priests
  Crazy Yiuf (D:2)
  9 orc wizards
  Ijyb (D:3)
  3 iguanas
  Natasha (thrice) (D:2)
  5 worker ants
  4 ogre zombies (D:9)
  2 hound skeletons
  2 worker ant zombies
  8 adders
  A howler monkey skeleton (D:6)
  2 shadow imps
  3 oozes (D:2)
  4 worms
  A dart slug (D:4)
  5 leopard geckos
  36 orcs
  10 bats
  6 giant cockroaches
  9 goblins
  4 hobgoblins
  4 jackals
  A quokka (D:3)
  3 ball pythons
  6 frilled lizards
  2 goblin skeletons (D:9)
  4 goblin zombies (D:9)
  3 hobgoblin zombies (D:9)
  11 kobolds
  A leopard gecko zombie (D:5)
  10 orc zombies (D:9)
  16 rats
  3 fungi
  3 plants
374 creatures vanquished.

Vanquished Creatures (others)
  4 fungi
  A plant (Lair:1)
5 creatures vanquished.

Grand Total: 379 creatures vanquished

Notes
Turn   | Place    | Note
-------+----------+-------------------------------------------
     0 | D:1      | erloom the Minotaur Fighter began the quest for the Orb.
     0 | D:1      | Reached XP level 1. HP: 19/19 MP: 0/0
   198 | D:1      | Reached XP level 2. HP: 27/27 MP: 1/1
   705 | D:2      | Reached XP level 3. HP: 24/34 MP: 2/2
   840 | D:2      | Found an ornate altar of the Wu Jian Council.
  1124 | D:2      | Noticed Natasha
  1128 | D:2      | Killed Natasha
  1128 | D:2      | Reached skill level 5 in Fighting
  1128 | D:2      | Reached XP level 4. HP: 31/42 MP: 3/3
  1356 | D:2      | Noticed Natasha
  1362 | D:2      | Killed Natasha
  1397 | D:2      | Noticed Natasha
  1399 | D:2      | Killed Natasha
  1399 | D:2      | Reached skill level 5 in Axes
  1399 | D:2      | Reached XP level 5. HP: 25/48 MP: 4/4
  1674 | D:2      | Found a runed door.
  1828 | D:2      | Noticed Crazy Yiuf
  1834 | D:2      | Killed Crazy Yiuf
  2176 | D:3      | Noticed Ijyb
  2191 | D:3      | Killed Ijyb
  2379 | D:3      | Found a bloodstained altar of Trog.
  2379 | D:3      | Found a white marble altar of Elyvilon.
  2697 | D:3      | Found a hazy altar of Hepliaklqana.
  2849 | D:3      | Noticed a moth of wrath
  2852 | D:3      | Found a bloodstained altar of Trog.
  2864 | D:3      | Reached XP level 6. HP: 57/57 MP: 5/5
  3694 | D:4      | Found a hide-covered altar of Uskayaw.
  3760 | D:4      | Reached XP level 7. HP: 66/66 MP: 6/6
  4292 | D:4      | Found a snail-covered altar of Cheibriados.
  4718 | D:4      | Reached XP level 8. HP: 75/75 MP: 7/7
  4876 | D:5      | Entered Level 5 of the Dungeon
  4979 | D:5      | Found Muckael's Assorted Antiques.
  5417 | D:5      | Found an iron altar of Okawaru.
  5421 | D:5      | Became a worshipper of Warmaster Okawaru
  5430 | D:5      | Found an opulent altar of Gozag.
  6030 | D:6      | Reached skill level 10 in Fighting
  6036 | D:6      | Reached skill level 10 in Axes
  6082 | D:6      | Reached XP level 9. HP: 64/86 MP: 8/8
  6368 | D:6      | Found a staircase to the Ecumenical Temple.
  6467 | D:6      | Found an ancient bone altar of Kikubaaqudgha.
  6467 | D:6      | Found a shimmering altar of Xom.
  6843 | D:7      | Reached * piety under Okawaru
  7071 | D:7      | Found a deep blue altar of Sif Muna.
  7286 | D:8      | Found a staircase to the Lair.
  7761 | D:8      | Reached ** piety under Okawaru
  7806 | D:8      | Found a sparkling altar of Nemelex Xobeh.
  8544 | D:9      | Reached XP level 10. HP: 97/97 MP: 9/9
  8571 | D:9      | Found a staircase to the Orcish Mines.
  8972 | D:9      | Reached skill level 5 in Armour
  8972 | D:9      | Reached skill level 5 in Shields
  9228 | D:9      | Reached *** piety under Okawaru
  9681 | D:10     | Entered Level 10 of the Dungeon
 10089 | D:10     | Reached **** piety under Okawaru
 10117 | D:10     | Found an ornate altar of the Wu Jian Council.
 10216 | D:10     | Reached ***** piety under Okawaru
 10407 | D:10     | Reached XP level 11. HP: 106/106 MP: 10/10
 10637 | Lair:1   | Entered Level 1 of the Lair of Beasts
 11339 | Lair:1   | Reached skill level 1 in Evocations
 12485 | Lair:1   | Identified a scroll of acquirement
 12524 | Lair:2   | Found a staircase to the Snake Pit.
 12576 | Lair:2   | Upgraded the game from 0.20-a0-1008-g0de3dc5 to 0.20-a0-1015-g2ec8a95
 12692 | Lair:2   | Noticed a five-headed hydra
 12704 | Lair:2   | Received a gift from Okawaru
 12714 | Lair:2   | Killed a five-headed hydra
 12722 | Lair:2   | Got a smoking plate armour {god gift}
 12878 | Lair:2   | Identified the +1 plate armour "Zulolir" {rC+} (Okawaru gifted it to you on level 2 of the Lair of Beasts)
 13172 | Lair:2   | Noticed an anaconda
 13179 | Lair:2   | Killed an anaconda
 13512 | Lair:2   | Reached XP level 12. HP: 115/115 MP: 13/13
 14252 | Lair:3   | Noticed a six-headed hydra
 14274 | Lair:3   | Killed a six-headed hydra
 14274 | Lair:3   | Reached ****** piety under Okawaru
 14362 | Lair:3   | Found a staircase to the Swamp.
 15159 | Lair:3   | Found a burning altar of Makhleb.
 15321 | Lair:3   | Reached skill level 10 in Shields
 15786 | Lair:4   | Reached skill level 10 in Armour
 15786 | Lair:4   | Received a gift from Okawaru
 16042 | Lair:4   | Noticed Sonja
 16069 | Lair:4   | Reached skill level 5 in Evocations
 17418 | D:10     | HP: 2/118 [poisoned by an orc wizard]
 17419 | D:10     | Succumbed to an orc wizard's poison

Vault maps used:
D:1:      lemuel_arrival_muddy, minmay_pentomino_r2
D:2:      lemuel_coloured_pillars_altar, uniq_crazy_yiuf_cottage, uniq_natasha
D:3:      old_standard_altar, gammafunk_temple_overflow_wave, tgw_trog,
          uniq_iyjb
D:4:      kennysheep_mini_moat, old_standard_altar, first_bread
D:5:      amethyst_overflow_temple_binary, serial_shops, shop, hex_medium
D:6:      gammafunk_temple_overflow_statue, lemuel_temple_firewalk_b,
          serial_glass, glass_columns_c, glass_columns_b, roderic_lattice_a
D:7:      led_sif_book
D:8:      nicolae_whirlpool, nemelex_altar_shiori
D:9:      zombieorc1_lemuel
D:10:     basic_altar
D:11:     serial_shops, bzr_entry_road, shop, nicolae_shop_statue_plus,
          nicolae_shop_crystal
Lair:1:   disabler_island, serial_bayou_shore_a, grunt_megastairs_1
Lair:2:   minmay_snake_entry_guardpost_small, serial_bayou_shore_b,
          grunt_megastairs_2
Lair:3:   swamp_mist_pool, basic_altar
Lair:4:   uniq_sonja
Lair:5:   slime_altar_1, st_stairs_7, roderic_batcave, minivault_23,
          zaba_anthell, uniq_snorg, uniq_rupert

Skill      XL: |  1  2  3  4  5  6  7  8  9 10 11 12 |
---------------+-------------------------------------+-----
Fighting       | 4 5 6 7 8 10 12 13 14 | 14.4
Axes           | 3 4 5 6 8 10 11 13 14 | 14.4
Armour         | 4 7 9 10 | 10.3
Shields        | 4 7 9 10 | 10.4
Evocations     | 3 5 |  5.1

Action                   |  1- 3 |  4- 6 |  7- 9 | 10-12 || total
-------------------------+-------+-------+-------+-------++-------
Melee: War axe           |    81 |   152 |   317 |   645 ||  1195
       Headbutt          |    15 |    21 |    59 |   155 ||   250
       Mace              |       |       |       |    13 ||    13
Invok: Heroism           |       |       |       |     1 ||     1
Evoke: Wand              |       |       |       |     6 ||     6
  Use: Scroll            |       |     3 |    12 |     9 ||    24
       Potion            |       |       |       |     4 ||     4
  Eat: Chunk             |     1 |     8 |    15 |    22 ||    46
       Bread ration      |       |       |     1 |     1 ||     2
Armor: Scale mail        |    50 |    30 |       |       ||    80
       Chain mail        |       |    61 |   153 |    79 ||   293
       Plate armour      |       |       |       |   301 ||   301
Dodge: Dodged            |    32 |    24 |    53 |   109 ||   218
Block: Shield            |    45 |    57 |   123 |   338 ||   563
